General information
- name: BNet
- type: Ladder team game (AT/RT)
- host: Battle.net
- saver: Chainer-
map: GnollWood
- players: 4
- length: 18:02
- speed: Fast
- version: 1.24 W3XP
- replay type: Public
» download(111 KB)
Players
team 1 (loser)
RamBoCoP[974] (
blue | 99 APM | 1793 actions | 18:01)
2 Far Seer
1 Feral Spirit
1 Chain Lighting
» actions
| Assign group hotkey | 44 | |
| Basic commands | 91 | |
| Build / train | 62 | |
| Enter build submenu | 14 | |
| Enter hero's abilities submenu | 2 | |
| Remove unit from queue | 6 | |
| Right click | 519 | |
| Select / deselect | 203 | |
| Select group hotkey | 811 | |
| Use ability | 41 | |
1793 total
» units
| Peon | 7 | |
| Grunt | 23 | |
| Raider | 3 | |
| Troll Batrider | 2 | |
35 total
» upgrades
| Pillage | 1 | |
| Melee Weapons | 2 | |
| Armor | 2 | |
| Berserker Strength | 2 | |
| Ensnare | 1 | |
8 total
» buildings
| Altar of Storms | 1 | |
| Orc Burrow | 9 | |
| Barracks | 2 | |
| Voodoo Lounge | 1 | |
| War Mill | 1 | |
| Stronghold | 5 | |
| Beastiary | 2 | |
21 total
» build order
00:07 Altar of Storms
00:11 Orc Burrow
00:41 Barracks
01:24 Voodoo Lounge
01:59 Orc Burrow
02:23 Barracks
02:44 Orc Burrow
04:20 Orc Burrow
05:28 Orc Burrow
06:41 Orc Burrow
08:02 Orc Burrow
09:58 War Mill
11:11 Stronghold
11:11 Stronghold
11:11 Stronghold
13:11 Orc Burrow
13:12 Orc Burrow
15:34 Beastiary
15:42 Beastiary
» items
wamwamwo (
green | 182 APM | 3216 actions | 17:40)
3 Keeper of the Grove
2 Entangling Roots
1 Thorns Aura
2 Naga Sea Witch
1 Frost Arrows
1 Forked Lightning
» actions
| Assign group hotkey | 1332 | |
| Basic commands | 65 | |
| Build / train | 65 | |
| Enter build submenu | 13 | |
| Enter hero's abilities submenu | 6 | |
| Remove unit from queue | 5 | |
| Right click | 673 | |
| Select / deselect | 312 | |
| Select group hotkey | 644 | |
| Use ability | 101 | |
3216 total
» units
» upgrades
| Strength of the Wild | 2 | |
| Abolish Magic | 1 | |
| Reinforced Hides | 2 | |
5 total
» buildings
| Altar of Elders | 1 | |
| Moon Well | 6 | |
| Ancient of War | 1 | |
| Tree of Ages | 1 | |
| Tree of Life | 1 | |
| Ancient of Wonders | 1 | |
| Hunter's Hall | 1 | |
| Ancient of Lore | 2 | |
| Tree of Eternity | 1 | |
15 total
» build order
00:05 Altar of Elders
00:20 Moon Well
00:32 Ancient of War
01:30 Moon Well
03:07 Tree of Ages
03:32 Tree of Life
04:18 Moon Well
04:28 Ancient of Wonders
06:25 Hunter's Hall
07:31 Ancient of Lore
07:31 Ancient of Lore
09:44 Moon Well
10:13 Moon Well
12:10 Moon Well
17:29 Tree of Eternity
» items
| Staff of Preservation | 1 | |
| Potion of Healing | 1 | |
2 total
team 2 (winner)
Chainer- (
pink | 82 APM | 1480 actions | 18:02)
4 Archmage
2 Summon Water Elemental
2 Brilliance Aura
2 Mountain King
1 Storm Bolt
1 Thunder Clap
2 Paladin
1 Divine Shield
1 Holy Light
» actions
| Assign group hotkey | 16 | |
| Basic commands | 53 | |
| Build / train | 87 | |
| Enter build submenu | 28 | |
| Enter hero's abilities submenu | 8 | |
| Give item / drop item | 2 | |
| Right click | 713 | |
| Select / deselect | 350 | |
| Select group hotkey | 115 | |
| Use ability | 108 | |
1480 total
» units
| Peasant | 21 | |
| Footman | 9 | |
| Forest Troll Shadow Priest | 1 | |
| Sorceress | 3 | |
| Knight | 6 | |
| Priest | 5 | |
| Spell Breaker | 1 | |
46 total
» upgrades
| Defend | 1 | |
| Lumber Harvesting | 1 | |
| Plating | 3 | |
| Sorceress Training | 2 | |
| Priest Training | 1 | |
| Swords | 1 | |
9 total
» buildings
| Altar of Kings | 1 | |
| Barracks | 1 | |
| Farm | 12 | |
| Arcane Vault | 1 | |
| Scout Tower | 4 | |
| Town Hall | 1 | |
| Lumber Mill | 1 | |
| Arcane Tower | 2 | |
| Keep | 1 | |
| Guard Tower | 2 | |
| Castle | 1 | |
| Arcane Sanctum | 4 | |
| Blacksmith | 1 | |
32 total
» build order
00:08 Altar of Kings
00:22 Barracks
00:34 Farm
00:52 Farm
01:35 Farm
02:32 Farm
04:11 Arcane Vault
04:17 Farm
04:18 Scout Tower
05:02 Town Hall
05:18 Scout Tower
05:20 Scout Tower
05:26 Farm
05:28 Lumber Mill
06:35 Arcane Tower
07:02 Keep
07:03 Guard Tower
07:07 Farm
07:09 Guard Tower
07:59 Farm
08:02 Scout Tower
09:51 Castle
09:52 Arcane Sanctum
09:56 Blacksmith
09:58 Arcane Sanctum
10:10 Arcane Sanctum
10:40 Arcane Tower
11:14 Farm
12:11 Farm
15:13 Arcane Sanctum
16:02 Farm
16:58 Farm
» items
| Scroll of Regeneration | 4 | |
| Lesser Clarity Potion | 3 | |
| Scroll of Town Portal | 2 | |
| Potion of Healing | 1 | |
| Staff of Sanctuary | 1 | |
11 total
Starshaped (
red | 74 APM | 1340 actions | 18:01)
4 Death Knight
2 Death Coil
2 Unholy Aura
3 Lich
2 Frost Nova
1 Frost Armor
3 Pit Lord
2 Howl of Terror
1 Cleaving Attack
» actions
| Assign group hotkey | 22 | |
| Basic commands | 24 | |
| Build / train | 50 | |
| ESC pressed | 1 | |
| Enter build submenu | 20 | |
| Enter hero's abilities submenu | 11 | |
| Give item / drop item | 2 | |
| Right click | 470 | |
| Select / deselect | 236 | |
| Select group hotkey | 422 | |
| Use ability | 82 | |
1340 total
» units
| Acolyte | 2 | |
| Ghoul | 2 | |
| Crypt Fiend | 7 | |
| Obsidian Statue | 5 | |
| Frost Wyrm | 2 | |
18 total
» upgrades
| Burrow | 1 | |
| Web | 1 | |
| Destroyer Form | 1 | |
| Creature Attack | 3 | |
6 total
» buildings
| Graveyard | 1 | |
| Crypt | 1 | |
| Altar of Darkness | 1 | |
| Ziggurat | 8 | |
| Tomb of Relics | 1 | |
| Nerubian Tower | 1 | |
| Halls of the Dead | 1 | |
| Spirit Tower | 1 | |
| Black Citadel | 1 | |
| Slaughterhouse | 1 | |
| Sacrificial Pit | 1 | |
| Boneyard | 3 | |
21 total
» build order
00:06 Graveyard
00:11 Crypt
00:41 Altar of Darkness
00:57 Ziggurat
00:58 Ziggurat
01:32 Tomb of Relics
02:04 Ziggurat
02:35 Nerubian Tower
03:33 Halls of the Dead
04:20 Ziggurat
04:30 Spirit Tower
06:45 Black Citadel
07:17 Slaughterhouse
07:25 Ziggurat
09:31 Sacrificial Pit
11:26 Ziggurat
11:28 Ziggurat
11:40 Boneyard
11:43 Boneyard
11:45 Boneyard
11:58 Ziggurat
» items
| Rod of Necromancy | 1 | |
| Dust of Appearance | 2 | |
| Orb of Corruption | 1 | |
| Potion of Healing | 2 | |
| Scroll of Town Portal | 2 | |
8 total
Chat log
(00:10 / Allies) Chainer-: damn
(00:16 / Allies) Chainer-: ne orc on gw lvl1
(00:20 / Allies) Starshaped: =S=S
(00:25 / Allies) Chainer-: and just realised
(00:28 / Allies) Chainer-: i didnt start with the antihack
(00:33 / Allies) Starshaped: tt
(00:35 / Allies) Starshaped: oh snap
(00:37 / Allies) Starshaped: neither did i
(00:42 / Allies) Chainer-: lol
(00:43 / Allies) Starshaped: i did
(00:45 / Allies) Starshaped: then exited
(00:46 / Allies) Starshaped: then didnt
(00:53 / Allies) Starshaped: it would so suck if they drophacked us
(00:58 / Allies) Chainer-: im gonna creep the merccamp first?
(01:04 / Allies) Starshaped: k
(01:08 / Allies) Chainer-: assuming they not next to me
(01:15 / Allies) Chainer-: with harras build
(01:42 / Allies) Chainer-: good good
(02:36 / Allies) Chainer-: i know
(03:13 / Allies) Starshaped: creep u
(03:13 / Allies) Starshaped: exe
(03:16 / Allies) Chainer-: ft
(03:53 / Allies) Starshaped: share
(05:24 / Allies) Starshaped: mill
(06:04 / Allies) Chainer-: n1
(06:42 / Allies) Chainer-: we are playing well this game
(06:43 / Allies) Starshaped: wood
(06:44 / Allies) Chainer-: lost nothing there
(06:46 / Allies) Starshaped: ya
(07:35 / Allies) Chainer-: oh
(07:36 / Allies) Chainer-: lol
(07:45 / Allies) Starshaped: flute on dk
(07:53 / Allies) Chainer-: gloves on lich?
(08:00 / Allies) Starshaped: ya
(08:24 / Allies) Chainer-: holy hasit
(08:30 / Allies) Chainer-: thats alot of grunts
(08:36 / Allies) Starshaped: hasit?
(08:40 / Allies) Chainer-: horrible typo
(08:41 / Allies) Starshaped: i go wyrms kekekek
(08:45 / Allies) Chainer-: was supposed to be shit
(09:32 / Allies) Chainer-: b
(10:22 / Allies) Starshaped: wood
(10:30 / Allies) Chainer-: only lost 1 foot this game afaik
(10:54 / Allies) Starshaped: i no
(11:26 / Allies) Chainer-: oh u tped
(12:01 / Allies) Chainer-: bah
(12:54 / Allies) Starshaped: wood
(13:30 / Allies) Starshaped: b
(14:21 / Allies) Chainer-: lol that grunt dying sound
(14:29 / Allies) Starshaped: haha
(14:38 / Allies) Starshaped: get tp
(14:42 / Allies) Chainer-: am
(14:47 / Allies) Chainer-: weant one as well?
(15:17 / Allies) Starshaped: howl seems imba in theory
(15:21 / Allies) Starshaped: dunno why nobody uses it
(15:28 / Allies) Chainer-: its great vs orc in general
(15:32 / Allies) Chainer-: used fairly commonly vs them
(15:32 / Allies) Chainer-: i think
(15:43 / Allies) Starshaped: b
(16:23 / Allies) Chainer-: been using so much more unit groups than normal this game
(16:28 / Allies) Chainer-: feel ive imrpoved
(16:44 / Allies) Starshaped: =)
(17:54 / All) RamBoCoP[974]: nice ally --'
(17:55 / All) RamBoCoP[974]: gg
(17:59 / All) Chainer-: lol mass grunts?